 Dungeon Crawl Stone Soup version 0.17-a0-1927-g319369b (webtiles) character file.

4297 Oddball22 the Merchant of Misery (level 10, -7/70 HPs)
             Began as a Demonspawn Necromancer on Sept 28, 2015.
             Was a Believer of Kikubaaqudgha.
             Killed by divine providence
             ... invoked by an orc priest
              (11 damage)
             ... on level 9 of the Dungeon on Sept 29, 2015.
             The game lasted 00:43:41 (12298 turns).

Oddball22 the Merchant of Misery (DsNe)            Turns: 12298, Time: 00:43:41

Health: -7/70      AC:  9    Str:  8    XL:     10   Next: 11%
Magic:  0/16       EV: 14    Int: 22    God:    Kikubaaqudgha [**....]
Gold:   0          SH:  0    Dex: 17    Spells: 7 memorised, 2 levels left

rFire  + . .     SeeInvis .     N - +3 quarterstaff (chaos)
rCold  . . .     Clarity  .     r - +3 leather armour {MR+}
rNeg   . . .     SustAt   .     (no shield)
rPois  .         Gourm    .     (helmet restricted)
rElec  .         Spirit   +     a - +1 cloak {+Inv}
rCorr  .         Warding  .     (no gloves)
rMut   .         Stasis   +     s - +0 pair of boots
MR     +....                    q - amulet of stasis
Stlth  ++........               y - ring of flight
                                d - ring of fire

@: brilliant, somewhat resistant to hostile enchantments, unstealthy
A: claws 1, hooves 1, horns 2, cold resistance 1, magic shield
a: Receive Corpses, Renounce Religion, Evoke Invisibility, Evoke Flight


You were on level 9 of the Dungeon.
You worshipped Kikubaaqudgha.
Kikubaaqudgha was pleased with you.
You were hungry.

You visited 1 branch of the dungeon, and saw 9 of its levels.

Inventory:

Hand weapons
 e - a +1 dagger of chaos
 p - a +1 falchion of slicing
 N - a +3 quarterstaff of chaos (weapon)
Armour
 a - a +1 cloak of invisibility (worn)
 r - a +3 leather armour of magic resistance (worn)
 s - a +0 pair of boots (worn)
Jewellery
 d - a ring of fire (left claw)
 q - an amulet of stasis (around neck)
 y - a ring of flight (right claw)
Magical devices
 t - a wand of digging (1)
 v - a wand of flame (23)
 z - a wand of lightning (5)
 I - a wand of invisibility (5)
 O - a wand of paralysis (12)
Scrolls
 f - a scroll of enchant weapon {unknown}
 g - 3 scrolls of remove curse
 i - 14 scrolls of identify
 j - 2 scrolls of teleportation
 o - 3 scrolls of magic mapping {unknown}
 u - 2 scrolls of immolation {unknown}
 w - 2 scrolls of enchant armour {unknown}
 A - 2 scrolls of fear {unknown}
 B - 2 scrolls of blinking
 G - a scroll of noise {unknown}
Potions
 k - 2 potions of flight
 m - a potion of magic {unknown}
 C - a potion of cure mutation {unknown}
 D - a potion of mutation {unknown}
 F - a potion of berserk rage {unknown}
 J - a potion of lignification {unknown}
 P - a potion of curing
 Q - 2 potions of brilliance
Books
 b - a book of Necromancy

   Spells                             Type                      Level
   a - Pain                           Necromancy                   1
   b - Animate Skeleton               Necromancy                   1
   c - Vampiric Draining              Necromancy                   3
   d - Regeneration                   Charms/Necromancy            3
   e - Animate Dead                   Necromancy                   4
   f - Control Undead                 Necromancy                   4
 x - Kikubaaqudgha's Almanac of Evil
   (Kikubaaqudgha gifted it to you on level 6 of the Dungeon)

   Spells                             Type                      Level
   a - Animate Skeleton               Necromancy                   1
   b - Corpse Rot                     Necromancy                   2
   c - Sublimation of Blood           Necromancy                   2
   d - Regeneration                   Charms/Necromancy            3
   e - Control Undead                 Necromancy                   4
 R - a book of Hinderance

   Spells                             Type                      Level
   a - Confusing Touch                Hexes                        2
   b - Confuse                        Hexes                        3
   c - Gell's Gravitas                Hexes/Translocation          3
   d - Petrify                        Transmutation/Earth          4
   e - Metabolic Englaciation         Hexes/Ice                    5
Miscellaneous
 E - a lamp of fire
Comestibles
 c - 5 bread rations
 h - 5 meat rations
 l - 4 beef jerkies
 n - a slice of pizza


   Skills:
 + Level 3.5 Fighting
 * Level 2.8 Staves
 + Level 5.1 Dodging
 - Level 3.1 Stealth
 + Level 4.6 Spellcasting
 - Level 14.6 Necromancy
 - Level 3.8 Evocations


You had 2 spell levels left.
You knew the following spells:

 Your Spells              Type           Power        Failure   Level  Hunger
a - Pain                  Necr           ####         1%          1    None
b - Animate Skeleton      Necr           N/A          1%          1    None
c - Vampiric Draining     Necr           ######....   1%          3    ##.....
d - Regeneration          Chrm/Necr      ######....   1%          3    ##.....
e - Animate Dead          Necr           N/A          1%          4    ####...
f - Corpse Rot            Necr           N/A          1%          2    None
g - Sublimation of Blood  Necr           ######....   1%          2    None


Dungeon Overview and Level Annotations

Branches:
Dungeon (9/15)             Temple (0/1) D:6
   Lair: D:8-11         Orc: D:9-12

Altars:
Ashenzari
Cheibriados
Elyvilon
Fedhas
Gozag
Kikubaaqudgha
Makhleb
Qazlal
Trog
Vehumet
Xom
Zin

Shops:
D:4 [

Annotations:
D:3 Grinder
D:5 Edmund
D:9 Maurice


Innate Abilities, Weirdness & Mutations

You have sharp fingernails.
You have large cloven feet.
You have a pair of horns on your head.
Your flesh is cold resistant.
When hurt, damage is shared between your health and your magic reserves.


Message History

The orc warrior is heavily wounded.
The orc warrior hits you with a long sword!!
You closely miss the orc warrior.
You headbutt the orc warrior, but do no damage.
The orc warrior is heavily wounded.
The orc priest mumbles some strange prayers to Beogh against you.
Something smites you!
* * * LOW HITPOINT WARNING * * *
The orc warrior hits you with a long sword!
* * * LOW HITPOINT WARNING * * *
Casting: Pain
Confirm with . or Enter, or press ? or * to list all spells.
Okay, then.
Drink which item? (? for menu, Esc to quit)
It was a potion of brilliance.
You feel clever all of a sudden.
The orc priest mumbles some strange prayers to Beogh against you.
Something smites you!
You die...
Kikubaaqudgha rasps: "You have failed me!
Welcome... death!"

########################
....o...................
#[.....#....#..###
#......#....#..###
#.................
#.....#######..^..
#o##### #.#..# #o#
#.#..# #@# #....# #...#
####.# #...# #..#.#
##### ##.#.# #.#..
####.#.. ##### .#.
#....#.# ....# ..
#.##'#.. ....+ #
..##.#.....


You could see an orc warrior and an orc priest.

Vanquished Creatures
  Psyche (D:8)
  Eustachio (D:5)
  The ghost of Markus the Sneak, an average HaAs (D:4)
  2 ice beasts
  4 orc warriors
  2 ogres
  2 necrophages
  A phantom (D:5)
  A centaur (D:5)
  Blork the orc (D:5)
  2 giant frogs
  3 scorpions
  A water moccasin skeleton (D:7)
  A killer bee (D:7)
  2 crimson imps (D:6)
  3 hounds
  A quasit (D:7)
  A giant frog zombie (D:8)
  4 orc priests
  A giant frog skeleton (D:4)
  2 jellies
  4 iguanas
  11 worker ants
  13 orc wizards
  A hound zombie (D:6)
  A worker ant zombie (D:6)
  A gnoll (D:1)
  7 adders
  3 shadow imps
  5 oozes
  An adder skeleton (D:4)
  2 worms
  7 giant geckos
  42 orcs
  5 giant cockroaches
  9 hobgoblins
  22 jackals
  A quokka (D:8)
  2 ball pythons
  6 bats
  4 giant newts
  7 goblins
  15 kobolds
  A quokka zombie (D:7)
  16 rats
223 creatures vanquished.

Vanquished Creatures (collateral kills)
  Duvessa (D:6)
  Dowan (D:6)
  Crazy Yiuf (D:5)
  An adder (D:6)
  An orc (D:6)
5 creatures vanquished.

Grand Total: 228 creatures vanquished

Notes
Turn   | Place    | Note
--------------------------------------------------------------
     0 | D:1      | Oddball22 the Demonspawn Necromancer began the quest for the Orb.
     0 | D:1      | Reached XP level 1. HP: 13/13 MP: 3/3
     0 | D:1      | Upgraded the game from 0.17-a0-1923-gc35365e to 0.17-a0-1927-g319369b
     1 | D:1      | Found a runed door.
   234 | D:1      | Gained mutation: You have sharp fingernails. [demonic ancestry]
   234 | D:1      | Reached XP level 2. HP: 17/20 MP: 5/5
   423 | D:1      | Reached skill level 1 in Fighting
   591 | D:1      | Gained mutation: Your flesh is cold resistant. [demonic ancestry]
   591 | D:1      | Reached XP level 3. HP: 24/26 MP: 4/6
   953 | D:1      | Learned a level 1 spell: Animate Skeleton
   957 | D:1      | Learned a level 3 spell: Vampiric Draining
  1703 | D:2      | Gained mutation: When hurt, damage is shared between your health and your magic reserves. [demonic ancestry]
  1703 | D:2      | Reached XP level 4. HP: 13/32 MP: 3/7
  2026 | D:2      | Found a shattered altar of Ashenzari.
  3304 | D:3      | Gained mutation: You have a pair of small horns on your head. [demonic ancestry]
  3304 | D:3      | Reached XP level 5. HP: 24/38 MP: 1/8
  3640 | D:3      | Learned a level 3 spell: Regeneration
  3648 | D:3      | Noticed Grinder
  3758 | D:3      | Found an opulent altar of Gozag.
  3759 | D:3      | Found a glowing silver altar of Zin.
  3858 | D:3      | Found a bloodstained altar of Trog.
  4387 | D:4      | Gained mutation: You have large cloven feet. [demonic ancestry]
  4387 | D:4      | Reached XP level 6. HP: 30/46 MP: 0/9
  4413 | D:4      | Noticed Markus's ghost (average HaAs)
  4468 | D:4      | Found Xefele's Armour Shop.
  4548 | D:4      | Found a blossoming altar of Fedhas.
  4548 | D:4      | Found an ancient bone altar of Kikubaaqudgha.
  4555 | D:4      | Became a worshipper of Kikubaaqudgha
  4847 | D:5      | Entered Level 5 of the Dungeon
  4975 | D:5      | Found a white marble altar of Elyvilon.
  4982 | D:5      | Reached skill level 1 in Evocations
  5145 | D:5      | Reached skill level 5 in Necromancy
  5361 | D:5      | Reached XP level 7. HP: 47/50 MP: 7/10
  5596 | D:5      | Noticed Blork the orc
  5784 | D:5      | Noticed Edmund
  5966 | D:5      | Reached skill level 6 in Necromancy
  5989 | D:5      | Learned a level 4 spell: Animate Dead
  6051 | D:5      | Noticed Crazy Yiuf
  6051 | D:5      | Noticed Eustachio
  6055 | D:5      | Reached skill level 14 in Necromancy
  6055 | D:5      | Gained mutation: You have a pair of horns on your head. [demonic ancestry]
  6055 | D:5      | Reached XP level 8. HP: 54/57 MP: 12/12
  6065 | D:5      | Paralysed by Crazy Yiuf for 5 turns
  6405 | D:5      | Killed Blork the orc
  7258 | D:5      | Killed Eustachio
  7567 | D:4      | Killed Markus's ghost
  7567 | D:4      | Reached XP level 9. HP: 29/62 MP: 6/14
  8059 | D:6      | Acquired Kikubaaqudgha's first power
  8059 | D:6      | Received a gift from Kikubaaqudgha
  8060 | D:6      | Identified Kikubaaqudgha's Almanac of Evil (Kikubaaqudgha gifted it to you on level 6 of the Dungeon)
  8120 | D:6      | Learned a level 2 spell: Corpse Rot
  9334 | D:6      | Noticed Duvessa
  9334 | D:6      | Noticed Dowan
  9339 | D:6      | Killed Dowan
  9341 | D:6      | Killed Duvessa
  9388 | D:6      | Found a snail-covered altar of Cheibriados.
  9521 | D:6      | Found a burning altar of Makhleb.
  9521 | D:6      | Found a radiant altar of Vehumet.
  9590 | D:6      | Found a staircase to the Ecumenical Temple.
 10010 | D:5      | Killed Crazy Yiuf
 10570 | D:7      | Reached skill level 1 in Staves
 11003 | D:7      | Found a stormy altar of Qazlal.
 11004 | D:7      | Found a shimmering altar of Xom.
 11318 | D:7      | Learned a level 2 spell: Sublimation of Blood
 11542 | D:8      | Found an ancient bone altar of Kikubaaqudgha.
 11574 | D:8      | Noticed Psyche
 11581 | D:8      | Killed Psyche
 11581 | D:8      | Reached skill level 5 in Dodging
 11581 | D:8      | Reached XP level 10. HP: 66/70 MP: 7/16
 11961 | D:9      | Acquired Kikubaaqudgha's second power
 12026 | D:9      | Noticed Maurice
 12298 | D:9      | Killed from afar by an orc priest

Vault maps used:
D:1:      dpeg_arrival_caged_fury, minmay_misc_feat_tiny
D:2:      wad_pebble_path, minmay_bad_closet, evilmike_ruin_ashenzari
D:3:      grunt_temple_overflow_gold_and_silver, lemuel_doored_altar,
          uniq_grinder
D:4:      grunt_temple_overflow_growth_and_decay, serial_shops, kennysheep_mini,
          first_bread
D:5:      nicolae_overflow_hidden_temple, uniq_crazy_yiuf_cottage,
          uniq_blork_the_orc, uniq_edmund, uniq_eustachio
D:6:      grunt_temple_overflow_lords_of_destruction, lemuel_crystal_altar,
          temple_fountains, abandoned_shop, corexii_corridor_pit, uniq_duvessa
D:7:      gammafunk_temple_overflow_statue, grunt_ministairs_1
D:8:      basic_altar, uniq_psyche
D:9:      serial_column_ruins, column_ruins_hut, column_ruins_hut_pillars,
          column_ruins_grid_1, column_ruins_grid_3, column_ruins_open_small,
          column_ruins_columns_corner, column_ruins_open_medium,
          column_ruins_open_small, uniq_maurice

Action                   |  1- 3 |  4- 6 |  7- 9 | 10-12 || total
-------------------------+-------+-------+-------+-------++-------
Melee: Short sword       |    51 |    63 |    14 |       ||   128
       Falchion          |       |       |   194 |       ||   194
       Mace              |       |       |    19 |       ||    19
       Quarterstaff      |       |       |   149 |    52 ||   201
 Cast: Pain              |    51 |   119 |   139 |    11 ||   320
       Animate Skeleton  |     1 |       |       |       ||     1
       Regeneration      |       |       |    13 |     5 ||    18
       Vampiric Draining |       |       |     5 |       ||     5
       Animate Dead      |       |       |     2 |       ||     2
Invok: Receive Corpses   |       |       |     3 |       ||     3
 Abil: Evoke Invisibilit |       |     1 |     1 |       ||     2
  Use: Potion            |       |       |     8 |     1 ||     9
       Scroll            |       |       |     6 |       ||     6
 Stab: Sleeping          |     1 |       |       |     3 ||     4
       Distracted        |       |     1 |       |       ||     1
       Petrified         |       |       |     3 |       ||     3
       Paralysed         |       |       |     1 |       ||     1
  Eat: Chunk             |     2 |    12 |    18 |     2 ||    34
       Beef jerky        |       |     2 |     1 |       ||     3
       Meat ration       |       |       |     1 |       ||     1
